 Dungeon Crawl Stone Soup version 0.27-a0-869-g165b36e3f0 (webtiles) character file.

Game seed: 9829751053770083054

136 polve the Poker (level 4, -9/33 HPs)
             Began as a Demonspawn Gladiator on Apr 2, 2021.
             Killed from afar by an orc wizard (11 damage)
             ... with a magic dart
             ... on level 3 of the Dungeon.
             The game lasted 00:02:11 (3060 turns).

polve the Poker (Demonspawn Gladiator)              Turns: 3060, Time: 00:02:12

Health: -9/33      AC:  4    Str: 14    XL:     4   Next: 98%
Magic:  4/4        EV: 12    Int: 10    God:
Gold:   105        SH:  0    Dex: 15    Spells: 3/3 levels left

rFire    . . .     SeeInvis .   a - +0 trident
rCold    . . .     Faith    .   (no shield)
rNeg     . . .     Spirit   .   b - +0 leather armour
rPois    .         Reflect  .   c - +0 helmet
rElec    .         Harm     .   (no cloak)
rCorr    .         Rampage  .   (no gloves)
Will     .....                  (no boots)
Stlth    +.........             (no amulet)
HPRegen  0.11/turn              (no ring)
MPRegen  0.09/turn              (no ring)

@: no status effects
A: demonic guardian 1, demonic magic 1
a: no special abilities


You were on level 3 of the Dungeon.
You visited 1 branch of the dungeon, and saw 3 of its levels.

You collected 105 gold pieces.

Inventory:

Hand Weapons
 a - a +0 trident (weapon)
 n - a +0 spear
Missiles
 d - 3 throwing nets (quivered)
Armour
 b - a +0 leather armour (worn)
 c - a +0 helmet (worn)
Scrolls
 e - 7 scrolls of identify {unknown}
 g - a scroll of enchant weapon {unknown}
 h - a scroll of immolation {unknown}
 j - a scroll of brand weapon {unknown}
 k - a scroll of noise {unknown}
 l - a scroll of teleportation {unknown}
 m - a scroll of fear {unknown}
 o - a scroll of silence {unknown}
Potions
 f - 3 potions of degeneration {unknown}
 i - 2 potions of curing {unknown}
 p - a potion of lignification {unknown}
 q - a potion of flight {unknown}


   Skills:
 - Level 2.0 Fighting
 + Level 5.2 Polearms
 - Level 1.7 Throwing
 - Level 2.6 Dodging


You had 3 spell levels left.
You didn't know any spells.
Your spell library contained the following spells:

 Spells                   Type           Power      Damage    Failure   Level
 Animate Skeleton         Necr           0%         N/A       43%         1
 Apportation              Tloc           0%         N/A       43%         1
 Corona                   Hex            0%         N/A       43%         1
 Summon Small Mammal      Summ           0%         N/A       43%         1
 Confusing Touch          Hex            0%         N/A       82%         3
 Gell's Gravitas          Tloc           0%         N/A       82%         3
 Petrify                  Tmut/Erth      0%         N/A       99%         4
 Metabolic Englaciation   Hex/Ice        0%         N/A       100%        5
 Yara's Violent Unravell  Hex/Tmut       0%         3d3       100%        5


Dungeon Overview and Level Annotations

Branches:
Dungeon (3/15)

Altars:
Yredelemnul
The Shining One

Shops:
D:2 (


Innate Abilities, Weirdness & Mutations

A weak demonic guardian rushes to your aid.
Spells you cast may paralyse adjacent enemies.


Message History

You reach to attack!
You hit the orc priest.
The orc priest is moderately wounded.
The orc barely misses you.
The orc wizard hits you but does no damage.
Reach: a) +0 trident
Press: ? - help, Dir - move target, f/p - orc priest
Aim: an orc priest, wielding a +0 morningstar (moderately wounded, about 40% to evade your +0 trident)
You hit the orc priest but do no damage.
The orc priest is moderately wounded.
The orc misses you.
The orc priest invokes the aid of Beogh against you.
Beogh smites you! The orc hits you with a +0 hand axe.
* * * LOW HITPOINT WARNING * * *
The orc wizard hits you with a +0 dagger.
* * * LOW HITPOINT WARNING * * *
The orc misses you. The orc barely misses you.
The orc wizard gestures at itself while chanting.
The orc wizard flickers and vanishes!
Deactivating autopickup; reactivate with Ctrl-A.
You hit the orc priest but do no damage.
The orc priest is moderately wounded.
The orc priest hits you with a +0 morningstar.
* * * LOW HITPOINT WARNING * * *
You closely miss the orc priest.
The orc priest is moderately wounded.
The orc priest closely misses you.
You barely miss the orc priest.
The orc priest is moderately wounded.
You puncture the orc priest!
The orc priest is severely wounded.
The orc priest invokes the aid of Beogh against you.
Pain shoots through your body!
* * * LOW HITPOINT WARNING * * *
You hit the orc priest.
You kill the orc priest!
Your Polearms skill increases to level 5!
A magic dart appears from out of thin air!
The magic dart hits you!
You die...

......... ........ .......###
#########...... .........#
...#.......... .........#
...#.......... .........#
#.##..^.......
....##...#####+#+###..##.........
....#.................#..........
....#.............o...#o.........
................@..o..#)....####.
.................##..{.##........
.................##....##........
...##............##.....#........
...##............##..............
...##............##..............
.................................
.................................
..........###..(.........>.......


You could see 2 orcs.

Vanquished Creatures
  An orc priest (D:3)
  5 adders
  A dart slug (D:1)
  3 endoplasms
  3 giant cockroaches (D:1)
  6 goblins
  2 hobgoblins
  6 jackals
  9 ball pythons
  6 bats
  2 frilled lizards
  9 kobolds
  5 rats
58 creatures vanquished.

Vanquished Creatures (collateral kills)
  A worm (D:2)
1 creature vanquished.

Grand Total: 59 creatures vanquished

Notes
Turn   | Place    | Note
-------+----------+-------------------------------------------
     0 | D:1      | polve the Demonspawn Gladiator began the quest for the Orb.
     0 | D:1      | Reached XP level 1. HP: 16/16 MP: 1/1
    94 | D:1      | Reached skill level 3 in Polearms
   251 | D:1      | Gained mutation: Spells you cast may paralyse adjacent
                  | enemies. [demonic ancestry]
   251 | D:1      | Reached XP level 2. HP: 18/22 MP: 2/2
   972 | D:1      | Reached XP level 3. HP: 26/27 MP: 3/3
  1228 | D:2      | Reached skill level 4 in Polearms
  1418 | D:2      | Found Leovet's Weapon Boutique.
  2201 | D:2      | Gained mutation: A weak demonic guardian rushes to your
                  | aid. [demonic ancestry]
  2201 | D:2      | Reached XP level 4. HP: 28/33 MP: 4/4
  2325 | D:2      | Found a faded altar of an unknown god.
  2979 | D:3      | Found a basalt altar of Yredelemnul.
  3053 | D:3      | HP: 1/33 [orc priest/nerve-wracking pain (3)]
  3055 | D:3      | Reached skill level 5 in Polearms
  3060 | D:3      | Killed from afar by an orc wizard

Illustrated notes

Levels and vault maps discovered:
D:1:      roderic_crossed_star, layout_loops_ring, minmay_misc_feat_cross,
          minmay_close_crescents
D:2:      layout_loops_cross, serial_shops, shop,
          chequers_ecumenical_altar_simple_redux,
          minmay_randomly_rotated_circles
D:3:      layout_basic, grunt_temple_overflow_holy_war, kennysheep_slug_shrine,
          minmay_misc_feat_rugged

Skill      XL: |  1  2  3  4 |
---------------+-------------+-----
Polearms       | 3 4 5 |  5.2
Fighting       | |  2.0
Throwing       | |  1.7
Dodging        | |  2.6

Action                   |  1- 3 |  4- 6 || total
-------------------------+-------+-------++-------
Melee: Trident           |   168 |    68 ||   236
 Stab: Sleeping          |     1 |     2 ||     3
Armor: Leather armour    |    56 |     9 ||    65
Dodge: Dodged            |   101 |    43 ||   144

Table legend: (Time is in decaauts)
 A = Elapsed time spent in this place.
 B = Non-inter-level travel time spent in this place.
 C = Inter-level travel time spent in this place.
 D = Time resting spent in this place.
 E = Time spent auto-exploring this place.
 F = Levels seen in this place.
 G = Mean time per level.
                   A        B        C        D        E       F      G
               +--------+--------+--------+--------+--------+-----+--------+
         Total |   3081 |   3028 |     53 |      0 |   2543 |   3 | 1027.0 |
       Dungeon |   3081 |   3028 |     53 |      0 |   2543 |   3 | 1027.0 |
               +--------+--------+--------+--------+--------+-----+--------+

Top non-repeatable levels by time:
     D:2: 1453 daAuts
     D:1: 1187 daAuts
     D:3: 440 daAuts
